 Dungeon Crawl Stone Soup version 0.31.0-32-g396128a36d (webtiles) character file.

Game seed: 4571918568985344392

1057 Ijustatesigmund the Magician (level 8, 0/55 HPs)
             Began as an Octopode Conjurer on Mar 21, 2024.
             Killed by miscasting Iskenderun's Mystic Blast (6 damage)
             ... on level 5 of the Dungeon.
             The game lasted 00:08:53 (6387 turns).

Ijustatesigmund the Magician (Octopode Conjurer)    Turns: 6387, Time: 00:08:53

Health: 0/55       AC:  1    Str:  6    XL:     8   Next: 26%
Magic:  7/15       EV: 13    Int: 22    God:
Gold:   167        SH:  0    Dex: 14    Spells: 6/17 levels left

rFire   . . .        j - +11 dagger of Collusion {holy, Dex+3}
rCold   . . .        (no shield)
rNeg    . . .        (helmet restricted)
rPois   .            e - amulet of the acrobat
rElec   .            (no ring)
rCorr   .            (no ring)
SInv    .            (no ring)
Will    .....        (no ring)
Stlth   +++          (no ring)
HPRegen 0.29/turn    (no ring)
MPRegen 0.14/turn    (no ring)
                     (no ring)

%: acrobat
@: very slightly contaminated
A: almost no armour, amphibious, 8 rings, camouflage 1, gelatinous body 1,
(nimble swimmer 1), tentacles
a: no special abilities


You were on level 5 of the Dungeon.
You visited 1 branch of the dungeon, and saw 6 of its levels.

You collected 167 gold pieces.

Inventory:

Hand Weapons
 d - a +1 hand axe
 j - the +11 dagger of Collusion (weapon) {holy, Dex+3}
   (You found it on level 2 of the Dungeon)

   Dex+3:     It affects your dexterity (+3).
Jewellery
 e - an amulet of the acrobat (around mantle)
 m - a ring of fire
Wands
 l - a wand of flame (9)
Scrolls
 c - a scroll of vulnerability {unknown}
 g - a scroll of enchant weapon
 h - a scroll of silence {unknown}
 k - a scroll of teleportation
 o - a scroll of brand weapon {unknown}
 u - a scroll of identify
 v - a scroll of fear {unknown}
Potions
 a - 2 potions of magic
 b - 5 potions of curing
 f - 2 potions of attraction
 i - a potion of might
 p - a potion of brilliance {unknown}
 q - 2 potions of haste {unknown}
 r - a potion of degeneration {unknown}
 s - 2 potions of ambrosia {unknown}
 t - a potion of mutation {unknown}


   Skills:
 - Level 5.1 Fighting
 + Level 2.3 Dodging
 - Level 2.6 Stealth
 - Level 5.1 Spellcasting
 - Level 4.5 Conjurations
 - Level 3.4 Translocations
 + Level 3.4 Alchemy


You had 6 spell levels left.
You knew the following spells:

 Your Spells              Type           Power      Damage    Failure   Level
a - Magic Dart            Conj           100%       1d8       1%          1
b - Searing Ray           Conj           50%        2d6       2%          2
c - Iskenderun's Mystic   Conj/Tloc      23%        2d6       19%         4
d - Olgreb's Toxic Radia  Alch           20%        N/A       24%         4

Your spell library contained the following spells:

 Spells                   Type           Power      Damage    Failure   Level
 Sting                    Conj/Alch      92%        1d8       1%          1
 Mercury Vapours          Alch/Air       26%        N/A       8%          2
 Stone Arrow              Conj/Erth      30%        3d8       12%         3
 Fulminant Prism          Conj/Alch      11%        3d9       19%         4
 Lehudib's Crystal Spear  Conj/Erth      7%         10d3      100%        8
 Animate Armour           Summ/Erth      Unusable   N/A       N/A         4

Dungeon Overview and Level Annotations

Branches:
Dungeon (6/15)
 Temple: D:4-7

Altars:
Hepliaklqana
Qazlal
Ru
Sif Muna
The Shining One

Annotations:
D:3 3 runed translucent doors, nitefall's ghost, amateur DjCj
D:5 2 runed translucent doors, Pikel; nitefall's ghost, novice MiBe


Innate Abilities, Weirdness & Mutations

You cannot wear most types of armour.
You are amphibious.
You can wear up to eight rings at the same time.
Your skin changes colour to match your surroundings (Stealth+).
Your rubbery body absorbs attacks. (AC +1, EV +1)
((You are camouflaged when in or above water. (Stealth+)))
You have tentacles for arms and can constrict up to eight enemies at once.


Message History

The lemure is lightly wounded.
The lemure is knocked back by the mystic blast.
The mystic blast hits Pikel!
Pikel is heavily wounded.
You lose your grip on Pikel.
Pikel is knocked back by the mystic blast.
The mystic blast hits the lemure.
The lemure is lightly wounded.
The lemure is knocked back by the mystic blast.
The mystic blast hits the sleepcap.
The sleepcap is lightly damaged.
The sleepcap is knocked back by the mystic blast.
You feel much better.
You hit Pikel but do no damage. Your grab misses Pikel.
Pikel is moderately wounded.
The lemure barely misses you. The lemure misses you.
Pikel hits you with a +2 whip of flaming.
Pikel burns you.
You hit Pikel but do no damage. Your grab misses Pikel.
You tentacle-slap Pikel, but do no damage.
Pikel is moderately wounded.
The lemure hits you! The lemure closely misses you.
Pikel hits you with a +2 whip of flaming!
Pikel burns you.
You hit Pikel. You grab Pikel.
Pikel is heavily wounded.
You constrict Pikel. The sleepcap releases spores at you!
* * * LOW HITPOINT WARNING * * *
You are engulfed in a cloud of soporific spores!
You fall asleep.
You lose your grip on Pikel.
The lemure barely misses you. The lemure hits you.
You wake up.
* * * LOW HITPOINT WARNING * * *
Pikel closely misses you.
Casting: Iskenderun's Mystic Blast (quite dangerous; 19% risk of failure)
Confirm with . or Enter, or press ? or * to list all spells.
You miscast Iskenderun's Mystic Blast.
You are very lightly contaminated with residual magic.
Energy rips through your body.
You die...

.........###'###'####+#######....
###'#######......................
#.........#.............########.
#.........+.............#......#.
#)........#.............#......#.
#<........#.............#......#.
#.....)...#.............#[.....#.
#.........#.....55......#........
#'######'##....K@f......##+##..#.
...........)...######+#.....#..##
...............#......'.....#....
...............'......#.....#....
...............#......#.....#....
..............)#......#.....#####
...............#......#..........
#########'######......#..........
#.....................+..........


You could see Pikel, 2 lemures and a sleepcap.

Vanquished Creatures
  An ice beast (D:5)
  A centaur (D:5)
  A lemure (D:5)
  A phantom (D:5)
  A kobold brigand (D:4)
  2 scorpions
  A jelly (D:5)
  4 wights (D:5)
  3 hounds
  An iguana (D:4)
  2 orc wizards
  Terence (D:3)
  Robin (D:3)
  8 adders
  A white imp (D:6)
  A dart slug (D:2)
  5 orcs
  8 endoplasms
  2 giant cockroaches
  10 goblins
  7 hobgoblins
  7 jackals
  6 kobolds
  2 quokkas (D:1)
  4 ball pythons
  6 bats
  3 frilled lizards
  3 rats
93 creatures vanquished.

Notes
Turn   | Place    | Note
-------+----------+-------------------------------------------
     0 | D:1      | Ijustatesigmund the Octopode Conjurer began the quest for
                  | the Orb.
     0 | D:1      | Reached XP level 1. HP: 11/11 MP: 3/3
   355 | D:1      | Reached XP level 2. HP: 16/18 MP: 0/5
   804 | D:1      | Reached skill level 1 in Fighting
  1365 | D:2      | Reached XP level 3. HP: 21/23 MP: 0/6
  1725 | D:2      | Reached XP level 4. HP: 29/29 MP: 2/8
  1795 | D:2      | Learned a level 2 spell: Searing Ray
  1800 | D:2      | Learned a level 4 spell: Iskenderun's Mystic Blast
  2270 | D:2      | Identified the +11 dagger of Collusion {holy, Dex+3}
  2590 | D:3      | Found a runed translucent gate.
  2590 | D:3      | Found a runed translucent gate.
  2590 | D:3      | Found a runed translucent gate.
  2593 | D:3      | Noticed nitefall's ghost (amateur DjCj)
  2849 | D:3      | Noticed Terence
  2864 | D:3      | Killed Terence
  2865 | D:3      | Reached skill level 1 in Translocations
  2952 | D:3      | Noticed Robin
  2960 | D:3      | Reached XP level 5. HP: 34/35 MP: 9/9
  2962 | D:3      | Killed Robin
  3360 | D:4      | Found a sacrificial altar of Ru.
  3371 | D:4      | Found a hazy altar of Hepliaklqana.
  3562 | D:4      | Noticed a kobold brigand
  3572 | D:4      | Killed a kobold brigand
  3573 | D:4      | Reached XP level 6. HP: 36/42 MP: 11/11
  3872 | D:4      | Found a stormy altar of Qazlal.
  4487 | D:4      | Found a glowing golden altar of the Shining One.
  4685 | D:5      | Entered Level 5 of the Dungeon
  4734 | D:5      | Reached XP level 7. HP: 30/47 MP: 3/13
  5274 | D:5      | Found a shimmering blue altar of Sif Muna.
  5284 | D:5      | Learned a level 4 spell: Olgreb's Toxic Radiance
  5426 | D:5      | Reached skill level 1 in Alchemy
  5616 | D:5      | Noticed nitefall's ghost (novice MiBe)
  5807 | D:5      | Found a large runed translucent door.
  5807 | D:5      | Found a large runed translucent door.
  5919 | D:5      | Reached skill level 5 in Spellcasting
  5919 | D:5      | Reached XP level 8. HP: 38/54 MP: 12/15
  5925 | D:5      | Reached skill level 5 in Fighting
  6172 | D:6      | Noticed Pikel
  6387 | D:5      | Killed by miscasting Iskenderun's Mystic Blast

Illustrated notes

Levels and vault maps discovered:
D:1:      saegor_arrival_simple_e, layout_loops_cross, serial_glass,
          glass_columns_b, glass_columns_a, minmay_strange_pillars,
          roderic_serpentine_path, minivault_23, reono_crystal_passage
D:2:      layout_basic
D:3:      layout_basic, gammafunk_ghost_necromancy, interstate_on_off,
          uniq_terence, uniq_robin
D:4:      layout_layer_cave, mainiacjoe_overflow_chevrons, lemuel_doored_altar,
          nicolae_overflow_crystal_walls, lemuel_round_altar
D:5:      layout_gridville, lemuel_round_altar, ebering_ghost_disaster_area,
          serial_bayou_ford_a
D:6:      layout_cave_pools, lemuel_crystal_altar, temple_hall, serial_shops,
          nicolae_book_shop_shelving, uniq_pikel, uniq_grinder, uniq_sigmund

Skill      XL: |  1  2  3  4  5  6  7  8 |
---------------+-------------------------+-----
Fighting       | 1 2 3 4 5 |  5.1
Spellcasting   | 3 4 5 |  5.1
Translocations | 1 2 3 |  3.4
Alchemy        | 2 3 |  3.4
Dodging        | |  2.3
Stealth        | |  2.6
Conjurations   | |  4.5

Action                     |  1- 3 |  4- 6 |  7- 9 || total
---------------------------+-------+-------+-------++-------
  Melee: Unarmed           |     4 |       |       ||     4
         Constrict         |     5 |    11 |     7 ||    23
         Tentacles         |     3 |     9 |    13 ||    25
         Short sword       |     9 |       |       ||     9
         Dagger            |       |    53 |    51 ||   104
         Punch             |       |     1 |     1 ||     2
   Cast: Magic Dart        |    52 |    27 |     8 ||    87
         Searing Ray       |       |     2 |     1 ||     3
         Iskenderun's Myst |       |     2 |     3 ||     5
    Use: Scroll            |       |     6 |     1 ||     7
         Potion            |       |       |     1 ||     1
   Stab: Sleeping          |       |     8 |       ||     8
 Armour: Skin              |     8 |    19 |    43 ||    70
  Dodge: Dodged            |     9 |    43 |    54 ||   106
